 Dungeon Crawl Stone Soup version 0.17-a0-484-g0e03f6a (webtiles) character file.

5056 Chiseanne the Jinx (level 10, -4/59 HPs)
             Began as an Octopode Enchanter on Apr 10, 2015.
             Was an Initiate of Gozag.
             Slain by Psyche
             ... wielding a +1 dagger of chaos
              (5 damage)
             ... on level 9 of the Dungeon.
             The game lasted 00:52:31 (13445 turns).

Chiseanne the Jinx (Octopode Enchanter)            Turns: 13445, Time: 00:52:31

Health: -4/59      AC:  1    Str: 11    XL:     10   Next: 56%
Magic:  7/22       EV: 15    Int: 19    God:    Gozag
Gold:   1111       SH:  6    Dex: 11    Spells: 7 memorised, 7 levels left

rFire  + . .     SeeInvis .     a - +2 dagger (venom)
rCold  + . .     Clarity  .     p - +2 buckler
rNeg   . . .     SustAb   .     n - +0 hat
rPois  +         Gourm    .     (no amulet)
rElec  +         Spirit   .     e - ring of flight (curse)
rCorr  +         Warding  .     (no ring)
rMut   .         Stasis   .     (no ring)
MR     .....                    (no ring)
Stlth  ++++......               (no ring)
                                (no ring)
                                (no ring)
                                (no ring)

@: lethally poisoned (-4 -> -6), resistant, flying, drained, not resistant to
hostile enchantments, stealthy
A: almost no armour, amphibious, 8 rings, constrict 8, camouflage 1, clumsy 1,
frail 1, strong 1, gelatinous body 1
a: Potion Petition, Call Merchant, Bribe Branch, Renounce Religion


You were on level 9 of the Dungeon.
You worshipped Gozag.
Gozag was noncommittal.
You were not hungry.

You visited 2 branches of the dungeon, and saw 10 of its levels.

You collected 1237 gold pieces.
You spent 16 gold pieces at shops.
You paid 110 gold pieces to Gozag.

Inventory:

Hand weapons
 a - a +2 dagger of venom (weapon)
 l - a +0 blowgun
 s - a +2 flail of crushing
Missiles
 f - 100 poisoned needles
 k - 10 tomahawks (quivered)
 u - 70 sling bullets
 v - 5 javelins
 E - 39 bolts
Armour
 n - a +0 hat (worn)
 p - a +2 buckler (worn)
Jewellery
 e - a cursed ring of flight (left tentacle)
 g - an uncursed ring of fire
Magical devices
 y - a wand of cold (0)
 B - a wand of lightning (0)
Scrolls
 A - 3 scrolls of remove curse
Potions
 i - 2 potions of cure mutation
 m - 2 potions of restore abilities
 q - a potion of ambrosia
 w - 3 potions of brilliance
 z - a potion of might
 H - a potion of haste {unknown}
 I - a potion of poison {unknown}
Books
 c - a book of Maledictions

   Spells                             Type                      Level
   a - Corona                         Hexes                        1
   b - Ensorcelled Hibernation        Hexes/Ice                    2
   c - Confuse                        Hexes                        3
   d - Tukima's Dance                 Hexes                        3
   e - Dazzling Spray                 Conjuration/Hexes            3
 F - a book of Hinderance

   Spells                             Type                      Level
   a - Confusing Touch                Hexes                        2
   b - Confuse                        Hexes                        3
   c - Gell's Gravitas                Hexes/Translocation          3
   d - Petrify                        Transmutation/Earth          4
   e - Metabolic Englaciation         Hexes/Ice                    5
   f - Summon Mana Viper              Hexes/Summoning              5
 G - a book of Callings

   Spells                             Type                      Level
   a - Summon Small Mammal            Summoning                    1
   b - Call Imp                       Summoning                    2
   c - Call Canine Familiar           Summoning                    3
   d - Summon Guardian Golem          Hexes/Summoning              3
   e - Summon Lightning Spire         Summoning/Air                4
   f - Summon Ice Beast               Ice/Summoning                4
Comestibles
 o - 5 meat rations
 J - 6 royal jellies


   Skills:
 * Level 5.1(4.9) Fighting
 - Level 1.0(0.7) Short Blades
 * Level 7.1(6.8) Dodging
 - Level 4.0(3.7) Stealth
 * Level 4.1(3.9) Shields
 * Level 8.1(7.9) Spellcasting
 * Level 8.8(8.5) Hexes


You had 7 spell levels left.
You knew the following spells:

 Your Spells              Type           Power        Failure   Level  Hunger
a - Corona                Hex            #####..      1%          1    None
b - Ensorcelled Hibernat  Hex/Ice        ###...       2%          2    None
c - Confuse               Hex            #####...     1%          3    None
d - Tukima's Dance        Hex            #####...     1%          3    None
e - Dazzling Spray        Conj/Hex       ###.....     6%          3    None
f - Gell's Gravitas       Hex/Tloc       ###.......   6%          3    None
g - Summon Guardian Gole  Hex/Summ       ###.....     6%          3    None


Dungeon Overview and Level Annotations

Branches:
Dungeon (9/15)             Temple (1/1) D:6
   Lair: D:8-11         Orc: D:9-12

Altars:
Ashenzari
Cheibriados
Dithmenos
Elyvilon
Fedhas
Gozag
Kikubaaqudgha
Makhleb
Nemelex Xobeh
Okawaru
Qazlal
Ru
Sif Muna
Trog
Vehumet
Xom
Yredelemnul
Zin
The Shining One

Shops:
D:6 *

Annotations:
D:3 Grinder; MrRokkomies's ghost, weakling GrTm
D:5 Frag's ghost, experienced HuFi
D:9 Psyche


Innate Abilities, Weirdness & Mutations

You cannot wear most types of armour.
You are amphibious.
You can wear up to eight rings at the same time.
You can use your tentacles to constrict eight enemies at once.
Your skin changes colour to match your surroundings (Stealth).
Your rubbery body absorbs attacks (AC +1).
You are clumsy. (Dex -2)
You are frail (-10% HP).
Your muscles are strong. (Str +2)


Message History

Drink which item? (? for menu, Esc to quit)
It was a potion of resistance.
You feel protected. Something hits you.
* * * LOW HITPOINT WARNING * * *
Drink which item? (? for menu, Esc to quit)
It was a potion of mutation.
You feel extremely strange.
You feel clumsy.
You feel frail.
You feel stronger.
* * * LOW HITPOINT WARNING * * *
You feel sick.
Psyche appears from thin air!
Reactivating autopickup.
Psyche closely misses you.
Drink which item? (? for menu, Esc to quit)
Okay, then.
Drink which item? (? for menu, Esc to quit)
It was a potion of flight.
You feel very buoyant.
You fly up into the air.
Psyche hits you with a dagger of chaos.
You die...
Your body crumbles into a pile of gold.

#'#'########.#### #.#.#
#......##.......# #.#.#
#......##.##.##.# #.#.#
#......##.##.##.# #.#.#
......###.##.##.# #.#.#
......# #.##.##.# #.#.#
......###.##.##.# #.#.#
..........#.....####.#.#
.......####..#.@@....#.#
.....b.##....#.#######.#
.......8#.#..#.........#
######.P.....###########
##......P.....#
###...P.......).##
.....PPP...P.....#
......P.P.PPP....#
...P.P.####.PP...#


You could see Psyche.

Vanquished Creatures
  Pikel (D:6)
  A troll (D:9)
  A deep elf mage (D:6)
  2 hippogriffs (D:9)
  A yak (D:9)
  A hungry ghost (D:8)
  A vampire mosquito (D:9)
  Duvessa (D:6)
  An ice beast (D:9)
  A sky beast (D:9)
  An ogre (D:7)
  A slave (D:6)
  3 orc warriors
  A black bear (D:7)
  2 phantoms (D:9)
  2 centaurs
  2 crocodiles (D:9)
  5 giant frogs
  Dowan (D:6)
  5 scorpions
  8 killer bees
  2 goliath beetles
  A crimson imp (D:7)
  2 hounds
  A gnoll shaman (D:3)
  A centaur zombie (D:6)
  2 iguanas
  4 orc priests
  Ijyb (D:3)
  7 jellies
  7 orc wizards
  4 worker ants
  A mummy (D:8)
  14 gnolls
  6 adders
  4 river rats (D:9)
  3 adder skeletons
  An adder zombie (D:6)
  6 giant geckos
  7 oozes
  35 orcs
  A ball python (D:4)
  A bat skeleton (D:4)
  4 giant cockroaches
  14 hobgoblins
  23 jackals
  18 kobolds
  5 quokkas
  30 bats
  A giant gecko skeleton (D:5)
  8 giant newts
  10 goblins
  A jackal skeleton (D:5)
  19 rats
  A fungus (D:9)
287 creatures vanquished.

Vanquished Creatures (collateral kills)
  A wyvern zombie (D:9)
  A wight (D:9)
2 creatures vanquished.

Vanquished Creatures (others)
  7 guardian golems (D:9)
  A slave (D:6)
  A crocodile (D:9)
  3 fungi (D:9)
12 creatures vanquished.

Grand Total: 301 creatures vanquished

Notes
Turn   | Place    | Note
--------------------------------------------------------------
     0 | D:1      | Chiseanne, the Octopode Enchanter, began the quest for the Orb.
     0 | D:1      | Reached XP level 1. HP: 11/11 MP: 3/3
   555 | D:1      | Reached XP level 2. HP: 7/17 MP: 3/5
   577 | D:1      | HP: 1/27 [jackal (1)]
   873 | D:1      | Learned a level 2 spell: Ensorcelled Hibernation
  1169 | D:1      | Reached XP level 3. HP: 22/22 MP: 6/6
  1175 | D:1      | Learned a level 3 spell: Confuse
  1952 | D:2      | Reached skill level 1 in Fighting
  2445 | D:2      | Reached XP level 4. HP: 28/28 MP: 8/8
  3216 | D:3      | Noticed Ijyb
  3225 | D:3      | Reached XP level 5. HP: 28/33 MP: 6/9
  3230 | D:3      | Learned a level 3 spell: Tukima's Dance
  3292 | D:3      | Killed Ijyb
  3555 | D:3      | Noticed MrRokkomies's ghost (weakling GrTm)
  4168 | D:3      | Noticed Grinder
  4249 | D:4      | Reached XP level 6. HP: 28/39 MP: 8/11
  4429 | D:3      | Learned a level 3 spell: Dazzling Spray
  4477 | D:4      | Found a glowing golden altar of the Shining One.
  4526 | D:4      | Found a burning altar of Makhleb.
  4528 | D:4      | Found a shattered altar of Ashenzari.
  5593 | D:4      | Reached skill level 1 in Shields
  5593 | D:4      | Reached skill level 5 in Hexes
  6033 | D:4      | Reached XP level 7. HP: 28/44 MP: 1/13
  6264 | D:4      | Found a snail-covered altar of Cheibriados.
  6277 | D:4      | Found a sacrificial altar of Ru.
  6306 | D:4      | Found an opulent altar of Gozag.
  6312 | D:4      | Became a worshipper of Gozag Ym Sagoz the Greedy
  6325 | D:4      | Found a basalt altar of Yredelemnul.
  6849 | D:5      | Entered Level 5 of the Dungeon
  7051 | D:5      | Noticed Frag's ghost (experienced HuFi)
  8002 | D:6      | Noticed a deep elf mage
  8008 | D:6      | Killed a deep elf mage
  8008 | D:6      | Reached skill level 5 in Spellcasting
  8029 | D:6      | Found Puudyog's General Store.
  8040 | D:6      | Bought a beef jerky for 16 gold pieces
  8053 | D:6      | Found a stormy altar of Qazlal.
  8068 | D:6      | Reached XP level 8. HP: 38/51 MP: 15/15
  8130 | D:6      | Reached skill level 6 in Hexes
  8241 | D:6      | Found a blossoming altar of Fedhas.
  8284 | D:6      | Noticed Pikel
  8351 | D:6      | Killed Pikel
  8640 | D:6      | Found a staircase to the Ecumenical Temple.
  8655 | Temple   | Entered the Ecumenical Temple
  8805 | D:6      | Noticed Dowan
  8807 | D:6      | Noticed Duvessa
  8815 | D:6      | Killed Duvessa
  8823 | D:6      | Killed Dowan
  8823 | D:6      | Reached XP level 9. HP: 26/57 MP: 8/18
  9248 | D:7      | Reached skill level 7 in Hexes
  9558 | D:7      | Reached skill level 5 in Dodging
  9792 | D:7      | Found a shattered altar of Ashenzari.
  9891 | D:7      | Learned a level 3 spell: Gell's Gravitas
 10310 | D:7      | Learned a level 3 spell: Summon Guardian Golem
 10814 | D:8      | Found a sparkling altar of Nemelex Xobeh.
 11295 | D:8      | Found a shimmering altar of Xom.
 11925 | D:9      | Noticed Psyche
 11935 | D:9      | Reached skill level 8 in Hexes
 12001 | D:9      | Reached XP level 10. HP: 57/65 MP: 3/21
 12549 | D:9      | Reached skill level 5 in Fighting
 13442 | D:9      | HP: 3/66 [something/magic dart (5)]
 13444 | D:9      | Gained mutation: You are clumsy. (Dex -2) [potion of mutation]
 13444 | D:9      | Gained mutation: You are frail (-10% HP). [potion of mutation]
 13444 | D:9      | Gained mutation: Your muscles are strong. (Str +2) [potion of mutation]
 13444 | D:9      | HP: 1/59 [poisoned by Psyche]
 13445 | D:9      | Slain by Psyche

Action                   |  1- 3 |  4- 6 |  7- 9 | 10-12 || total
-------------------------+-------+-------+-------+-------++-------
Melee: Dagger            |   100 |   152 |   207 |    96 ||   555
       Flail             |       |       |    24 |    26 ||    50
 Fire: Blowgun           |       |       |     3 |       ||     3
Throw: Tomahawk          |       |    12 |    14 |     4 ||    30
 Cast: Corona            |    29 |    38 |    52 |    16 ||   135
       Ensorcelled Hiber |    14 |    50 |    50 |     9 ||   123
       Confuse           |       |     1 |     1 |       ||     2
       Dazzling Spray    |       |     1 |    16 |    26 ||    43
       Tukima's Dance    |       |       |     1 |       ||     1
       Gell's Gravitas   |       |       |     8 |     1 ||     9
       Summon Guardian G |       |       |       |    16 ||    16
Evoke: Wand              |       |       |       |     9 ||     9
  Use: Potion            |     1 |       |     1 |     9 ||    11
       Scroll            |     3 |     1 |    13 |     5 ||    22
 Stab: Sleeping          |    20 |    42 |    39 |     6 ||   107
       Confused          |       |       |     1 |       ||     1
       Invisible         |       |       |     2 |     3 ||     5
       Distracted        |       |       |     1 |     1 ||     2
  Eat: Chunk             |     6 |    26 |     1 |       ||    33
       Fruit             |       |       |     7 |       ||     7
       Bread ration      |       |       |     2 |       ||     2
       Pizza             |       |       |     2 |       ||     2
       Beef jerky        |       |       |     1 |       ||     1
       Royal jelly       |       |       |       |     4 ||     4
